 Dungeon Crawl Stone Soup version 0.26-a0-812-g31a745ddcd (webtiles) character file.

Game seed: 10194097680316557837

18 Dracia the Poker (level 2, 0/22 HPs)
             Began as a Merfolk Gladiator on Dec 9, 2020.
             Slain by a jackal (1 damage)
             ... on level 1 of the Dungeon.
             The game lasted 00:00:32 (323 turns).

Dracia the Poker (Merfolk Gladiator)                 Turns: 323, Time: 00:00:32

Health: 0/22       AC:  4    Str: 14    XL:     2   Next: 66%
Magic:  2/2        EV: 14    Int:  7    God:
Gold:   36         SH:  0    Dex: 15    Spells: 1/1 levels left

rFire    . . .     SeeInvis .   a - +0 trident
rCold    . . .     Faith    .   (no shield)
rNeg     . . .     Spirit   .   b - +0 leather armour
rPois    .         Reflect  .   c - +0 helmet
rElec    .         Harm     .   (no cloak)
rCorr    .         Rampage  .   (no gloves)
MR       .....                  (no boots)
Stlth    +.........             (no amulet)
HPRegen  0.07/turn              (no ring)
MPRegen  0.08/turn              (no ring)

@: no status effects
A: change form in water, swift swim, stealthy swim
a: no special abilities


You were on level 1 of the Dungeon.
You visited 1 branch of the dungeon, and saw 1 of its levels.

You collected 36 gold pieces.


   Skills:
 - Level 2.1 Fighting
 + Level 5.7 Polearms
 - Level 2.0 Throwing
 - Level 4.0 Dodging


You had one spell level left.
You didn't know any spells.
Your spell library was empty.

Inventory:

Hand Weapons
 a - a +0 trident (weapon)
Missiles
 d - 3 throwing nets {=f=f}
Armour
 b - a +0 leather armour (worn)
 c - a +0 helmet (worn)
Scrolls
 f - a scroll of identify {unknown}
Potions
 e - a potion of lignification {unknown}

Dungeon Overview and Level Annotations

Branches:
Dungeon (1/15)

Altars:

#....(..............
##.#.#.#.#.#.........
###.........^..########
..#..#.#.#.#.#.# .#
#.#....).......##.#
#.#..#.#.#.#.#..#.###
#.#.)###.#.......†..###.
.....# #.........h......
............##..@r###...
............##..........
..#.###.....##.#........
..#.# .##..............
..#.# # ###.#........
..... #.#........ .....
#.......... ..#
.#.###.#. .#


You could see a jackal and a rat.


Message History

You are too injured to fight recklessly!
You are too injured to fight recklessly!
Unknown command.
You closely miss the jackal. The jackal bites you.
* * * LOW HITPOINT WARNING * * *
The jackal bites you but does no damage.
The rat barely misses you.
The jackal bites you but does no damage.
You hit the jackal.
The jackal is heavily wounded.
The jackal bites you but does no damage.
The jackal bites you.
* * * LOW HITPOINT WARNING * * *
The rat bites you but does no damage. The jackal misses you.
You barely miss the jackal.
The jackal is heavily wounded.
The jackal misses you. The jackal closely misses you. The rat bites you.
* * * LOW HITPOINT WARNING * * *
You hit the jackal.
You kill the jackal!
The jackal bites you but does no damage. x2
The rat bites you.
* * * LOW HITPOINT WARNING * * *
The jackal closely misses you. The rat bites you but does no damage.
You see here an emerald potion.
You are too injured to fight recklessly!
You barely miss the rat. The jackal bites you.
* * * LOW HITPOINT WARNING * * *
The rat misses you. The jackal bites you.
You die...

Skill      XL: |  1 |
---------------+----+-----
Polearms       | 5 |  5.7
Fighting       | |  2.1
Throwing       | |  2.0
Dodging        | |  4.0

Action                   || total
-------------------------++-------
Melee: Trident           ||    52
       Tailslap          ||     1
 Stab: Sleeping          ||     2
Armor: Leather armour    ||    21
Dodge: Dodged            ||    48

Levels and vault maps discovered:
D:1:      dpeg_arrival_connections, layout_basic, serial_bayou_lagoon_a,
          st_stairs_9

Notes
Turn   | Place    | Note
-------+----------+-------------------------------------------
     0 | D:1      | Dracia the Merfolk Gladiator began the quest for the Orb.
     0 | D:1      | Reached XP level 1. HP: 16/16 MP: 1/1
   207 | D:1      | Reached skill level 5 in Polearms
   207 | D:1      | Reached XP level 2. HP: 22/22 MP: 2/2
   321 | D:1      | HP: 2/22 [rat (2)]
   323 | D:1      | Slain by a jackal

Vanquished Creatures
  A dart slug (D:1)
  A bat (D:1)
  A goblin (D:1)
  3 hobgoblins (D:1)
  2 jackals (D:1)
  A frilled lizard (D:1)
  4 kobolds (D:1)
  3 rats (D:1)
16 creatures vanquished.

Vanquished Creatures (others)
  11 plants (D:1)
11 creatures vanquished.

Grand Total: 27 creatures vanquished

Table legend: (Time is in decaauts)
 A = Elapsed time spent in this place.
 B = Non-inter-level travel time spent in this place.
 C = Inter-level travel time spent in this place.
 D = Time resting spent in this place.
 E = Time spent auto-exploring this place.
 F = Levels seen in this place.
 G = Mean time per level.
                   A        B        C        D        E       F      G
               +--------+--------+--------+--------+--------+-----+--------+
         Total |    322 |    322 |      0 |      0 |    228 |   1 |  322.0 |
       Dungeon |    322 |    322 |      0 |      0 |    228 |   1 |  322.0 |
               +--------+--------+--------+--------+--------+-----+--------+

Top non-repeatable levels by time:
     D:1: 322 daAuts

Table legend:
 A = Non-vault XP
 B = Vault XP
 C = Vault XP percentage of total XP
 D = Non-vault monster count
 E = Vault monster count
 F = Vault count percentage of total count
                 A         B        C        D         E       F
            +---------+---------+-------+---------+---------+-------
      Total |      23 |       3 |  11.5 |      14 |       2 |  12.5
            +---------+---------+-------+---------+---------+-------
        D:1 |      23 |       3 |  11.5 |      14 |       2 |  12.5
            +---------+---------+-------+---------+---------+-------
